 Dungeon Crawl Stone Soup version 0.21-a0-28-g9a7844a (webtiles) character file.

581 Graywind the Cudgeler (level 7, -1/50 HPs)
             Began as a Barachi Fighter on May 26, 2017.
             Was a Follower of Hepliaklqana.
             Slain by Duvessa
             ... wielding a +0 short sword
              (2 damage)
             ... on level 5 of the Dungeon.
             The game lasted 00:17:22 (2182 turns).

Graywind the Cudgeler (Barachi Fighter)             Turns: 2182, Time: 00:17:23

Health: -1/50      AC:  6    Str: 19    XL:     7   Next: 36%
Magic:  7/7        EV:  8    Int:  9    God:    Hepliaklqana [*.....]
Gold:   88         SH: 14    Dex: 11    Spells: 7/7 levels left

rFire    . . .     SeeInvis .   a - +0 flail
rCold    . . .     Gourm    .   e - +0 large shield
rNeg     . . .     Faith    .   n - +3 leather armour
rPois    .         Spirit   .   (no helmet)
rElec    .         Reflect  .   (no cloak)
rCorr    .         Harm     .   (no gloves)
MR       .....                  (no boots)
Stlth    +.........             (no amulet)
Regen    0.2/turn               (no ring)
MPRegen  0.1/turn               (no ring)

@: slow
A: +LOS, swims, reduced essence, slowness 1, strong legs 1
a: Hop, Recall Ancestor, Ancestor Identity, Renounce Religion


You were on level 5 of the Dungeon.
You worshipped Hepliaklqana.
Hepliaklqana was aware of your devotion.
You were not hungry.

You visited 1 branch of the dungeon, and saw 5 of its levels.

You collected 88 gold pieces.

Inventory:

Hand Weapons
 a - a +0 flail (weapon)
 d - a +0 hunting sling
Missiles
 g - 37 arrows
Armour
 e - a +0 large shield (worn)
 n - a +3 leather armour (worn)
Wands
 h - a wand of confusion (25/48)
Scrolls
 k - 2 scrolls of identify
 l - a scroll of remove curse
 m - a scroll of teleportation
Potions
 j - a potion of brilliance
Comestibles
 b - a royal jelly
 f - 3 bread rations
 i - a meat ration


   Skills:
 + Level 5.2 Fighting
 + Level 5.9 Maces & Flails
 + Level 4.5 Armour
 + Level 2.2 Dodging
 + Level 1.1 Stealth
 + Level 4.5 Shields
 + Level 0.6 Spellcasting
 + Level 0.2 Evocations


You had 7 spell levels left.
You didn't know any spells.

Dungeon Overview and Level Annotations

Branches:
Dungeon (5/15)
 Temple: D:4-7

Altars:
Gozag
Hepliaklqana
Makhleb
Sif Muna

Annotations:
D:5 Dowan, Duvessa


Innate Abilities, Weirdness & Mutations

Shadows flee at your approach. (+LOS)
You can swim through water.
You cover ground slowly.
You can hop short distances.
Your life essence is reduced. (-10% HP)


Message History

Duvessa is moderately wounded.
Duvessa hits you with a short sword. You block Duvessa's attack.
You closely miss Duvessa.
Duvessa is moderately wounded.
Dowan casts a spell.
Dowan blinks!
You block Duvessa's attack. Duvessa barely misses you.
You hit Duvessa.
Duvessa is moderately wounded.
Duvessa closely misses you.
Your shield prevents you from hitting Duvessa.
Duvessa is moderately wounded.
Duvessa hits you with a short sword!
* * * LOW HITPOINT WARNING * * *
You block Duvessa's attack.
You closely miss Duvessa.
Duvessa is moderately wounded.
Duvessa hits you with a short sword!
* * * LOW HITPOINT WARNING * * *
Duvessa hits you with a short sword.
You die...

.. #. #.#
##.. ...##
......
.e#.#
#e#.#
#@#.#
#R#.#
#.#.#
#[#.#
#...#
##..# #..#
##.#
###'######


You could see the friendly Sinnashi the ancestor, Duvessa and Dowan.

Vanquished Creatures
  Sigmund (D:2)
  Blork the orc (D:3)
  An orc priest (D:5)
  4 orc wizards
  A howler monkey skeleton (D:5)
  2 gnolls (D:1)
  An adder (D:3)
  A dart slug (D:1)
  8 orcs
  2 giant cockroaches (D:3)
  10 hobgoblins
  7 kobolds (D:1)
  A quokka (D:5)
  6 bats (D:1)
  A frilled lizard (D:2)
  9 goblins
  A jackal skeleton (D:4)
  4 rats
61 creatures vanquished.

Vanquished Creatures (collateral kills)
  An orc priest (D:3)
  2 orc wizards
  An adder (D:4)
  A leopard gecko (D:3)
  5 orcs
  A giant cockroach (D:3)
  A goblin (D:3)
  A bat (D:2)
  2 rats (D:3)
15 creatures vanquished.

Vanquished Creatures (others)
  An ancestor (D:3)
1 creature vanquished.

Grand Total: 77 creatures vanquished

Notes
Turn   | Place    | Note
-------+----------+-------------------------------------------
     0 | D:1      | Graywind the Barachi Fighter began the quest for the Orb.
     0 | D:1      | Reached XP level 1. HP: 18/18 MP: 1/1
    70 | D:1      | Reached XP level 2. HP: 21/25 MP: 2/2
   532 | D:1      | Reached XP level 3. HP: 31/31 MP: 3/3
   905 | D:2      | Noticed Sigmund
   916 | D:2      | Killed Sigmund
   916 | D:2      | Reached XP level 4. HP: 38/38 MP: 4/4
   916 | D:2      | Reached XP level 5. HP: 43/43 MP: 5/5
   939 | D:2      | Found an opulent altar of Gozag.
   939 | D:2      | Found a burning altar of Makhleb.
   969 | D:2      | Found a hazy altar of Hepliaklqana.
   978 | D:2      | Became a worshipper of Hepliaklqana the Forgotten
  1173 | D:3      | Reached XP level 6. HP: 45/45 MP: 6/6
  1207 | D:3      | Learned a level 1 spell: Confusing Touch
  1248 | D:3      | Found a deep blue altar of Sif Muna.
  1248 | D:3      | Noticed Blork the orc
  1253 | D:3      | Killed Blork the orc
  1253 | D:3      | Reached skill level 5 in Fighting
  1253 | D:3      | Reached skill level 5 in Maces & Flails
  1253 | D:3      | Reached skill level 1 in Dodging
  1296 | D:3      | HP: 1/45 [orc priest/nerve-wracking pain (9)]
  1708 | D:3      | Reached XP level 7. HP: 26/50 MP: 7/7
  1964 | D:4      | Reached skill level 1 in Stealth
  2055 | D:5      | Entered Level 5 of the Dungeon
  2057 | D:5      | Reached * piety under Hepliaklqana
  2152 | D:5      | Noticed Dowan
  2159 | D:5      | Noticed Duvessa
  2182 | D:5      | HP: 1/50 [Duvessa/short sword (12)]
  2182 | D:5      | Slain by Duvessa

Vault maps used:
D:1:      lightli_arrival_statuegarden, glass_columns_a,
          minmay_misc_feat_enclosed, minmay_split_cup_small
D:2:      lemuel_doored_altar, gammafunk_temple_overflow_forgotten,
          gammafunk_temple_overflow_statue, uniq_sigmund
D:3:      marbit_many_paths, minmay_misc_feat_rugged, tgw_sif
D:4:      minmay_wonky_spiral, first_bread, minmay_misc_feat_square,
          fedhas_altar_1
D:5:      grunt_temple_overflow_bloody_war, serial_corexii_hall,
          corexii_hall_statues_t, corexii_hall_statues_x, uniq_eustachio,
          uniq_edmund, uniq_duvessa

Skill      XL: |  1  2  3  4  5  6  7 |
---------------+----------------------+-----
Fighting       | 4 5 |  5.2
Maces & Flails | 4 5 |  5.9
Armour         | 4 |  4.5
Dodging        | 1 2 |  2.2
Shields        | 4 |  4.5
Stealth        | 1 |  1.1
Spellcasting   | |  0.6
Evocations     | |  0.2

Action                   |  1- 3 |  4- 6 |  7- 9 || total
-------------------------+-------+-------+-------++-------
Melee: Flail             |    96 |    70 |    46 ||   212
Invok: Recall Ancestor   |       |     1 |       ||     1
 Abil: Hop               |     1 |       |       ||     1
Evoke: Wand              |       |     1 |     4 ||     5
  Use: Scroll            |     2 |     2 |     1 ||     5
       Potion            |     1 |     4 |     1 ||     6
  Eat: Chunk             |       |     2 |       ||     2
       Bread ration      |       |     1 |       ||     1
Armor: Scale mail        |    30 |       |       ||    30
       Plate armour      |     9 |    13 |       ||    22
       Leather armour    |       |    17 |     1 ||    18
Dodge: Dodged            |    27 |    25 |     6 ||    58
Block: Shield            |    51 |    31 |       ||    82
       Large shield      |       |    17 |    37 ||    54
